 Dungeon Crawl Stone Soup version 0.18-a0-844-g9229740 (webtiles) character file.

128 velleities the Magician (level 4, -5/21 HPs)
             Began as a Spriggan Enchanter on Dec 18, 2015.
             Slain by a gnoll
             ... wielding a +0 flail
              (11 damage)
             ... on level 3 of the Dungeon.
             The game lasted 00:04:11 (2356 turns).

velleities the Magician (Spriggan Enchanter)        Turns: 2356, Time: 00:04:11

Health: -5/21      AC:  2    Str:  4    XL:     4   Next: 87%
Magic:  12/13      EV: 18    Int: 19    God:
Gold:   87         SH:  0    Dex: 16    Spells: 3 memorised, 9 levels left

rFire  . . .     SeeInvis +     k - +2 short sword (venom)
rCold  . . .     Gourm    .     b - +1 robe
rNeg   . . .     Faith    .     (shield restricted)
rPois  +         Spirit   .     (helmet restricted)
rElec  .         Dismiss  .     (no cloak)
rCorr  .         Reflect  .     (gloves unavailable)
SustAt .         Harm     .     (boots unavailable)
MR     .....                    (no amulet)
Stlth  +++.......               (no ring)
                                (no ring)

@: very quick, not resistant to hostile enchantments, fairly stealthy
A: unfitting armour, see invisible, clever 1, deformed body, herbivore 3, speed
3, poison resistance, screaming 1, slow metabolism 2
a: no special abilities


You were on level 3 of the Dungeon.
You were not hungry.

You visited 1 branch of the dungeon, and saw 3 of its levels.

You collected 87 gold pieces.

Inventory:

Hand Weapons
 k - a +2 short sword of venom (weapon)
Armour
 b - a +1 robe (worn)
Scrolls
 e - 2 scrolls of teleportation
 o - 3 scrolls of identify
Potions
 h - a potion of resistance
 l - a potion of lignification
Books
 c - a book of Maledictions

   Spells                             Type                      Level
   a - Corona                         Hexes                        1
   b - Ensorcelled Hibernation        Hexes/Ice                    2
   c - Confuse                        Hexes                        3
   d - Tukima's Dance                 Hexes                        3
   e - Dazzling Spray                 Conjuration/Hexes            3
Comestibles
 d - 3 bread rations
 m - a slice of pizza


   Skills:
 - Level 1.1 Short Blades
 - Level 3.0 Dodging
 - Level 5.1 Stealth
 * Level 6.0 Spellcasting
 - Level 3.6 Hexes


You had 9 spell levels left.
You knew the following spells:

 Your Spells              Type           Power        Failure   Level  Hunger
a - Corona                Hex            ###....      2%          1    None
b - Ensorcelled Hibernat  Hex/Ice        ##....       10%         2    None
c - Confuse               Hex            ###.....     10%         3    ##.....


Dungeon Overview and Level Annotations

Branches:
Dungeon (3/15)

Altars:
Xom


Innate Abilities, Weirdness & Mutations

You are tiny and cannot use many weapons and most armour.
You have supernaturally acute eyesight.
You are a herbivore.
You cover ground extremely quickly.
You need consume almost no food.
Your mind is acute. (Int +2)
Armour fits poorly on your strangely shaped body.
Your system is resistant to poisons.
You occasionally shout uncontrollably at your foes.


Message History

You hit the gnoll but do no damage.
The gnoll is poisoned.
The gnoll is moderately wounded.
The gnoll hits you with a spear.
You hit the gnoll.
The gnoll looks even sicker.
The gnoll is severely wounded.
The gnoll hits you with a flail.
* * * LOW HITPOINT WARNING * * *
The gnoll completely misses you. The gnoll misses you.
Things that are here:
a dagger; 2 stones
There is a stone staircase leading up here.
Casting: Ensorcelled Hibernation
Confirm with . or Enter, or press ? or * to list all spells.
Aiming: Corona
Press: ? - help, Shift-Dir - straight line, f - gnoll
Aim: a gnoll, wielding a flail (chance to defeat MR: 66%)
The gnoll is outlined in light.
The gnoll hits you with a flail!
Ouch! That really hurt!
You die...

..%<.(..# .......#
(..#..# #..#..#
##.....# ###..#..#
#.†.##..#######
####.#.ogg<.......
#..))..###@.......
#....####
#.#......
......###
......... #####.
#.#....... . ..
....... .# #.#
#...... #. .?
.....% . ... #####


You could see 2 gnolls and an orc.

Vanquished Creatures
  Robin (D:2)
  2 gnolls (D:3)
  2 adders (D:2)
  An ooze (D:2)
  2 worms (D:2)
  2 giant geckos (D:2)
  9 goblins
  15 hobgoblins
  3 ball pythons
  4 bats
  5 giant cockroaches
  7 giant newts
  11 kobolds
  3 rats
67 creatures vanquished.

Notes
Turn   | Place    | Note
--------------------------------------------------------------
     0 | D:1      | velleities the Spriggan Enchanter began the quest for the Orb.
     0 | D:1      | Reached XP level 1. HP: 9/9 MP: 5/5
   297 | D:1      | Reached XP level 2. HP: 11/13 MP: 4/7
  1037 | D:1      | Reached skill level 5 in Stealth
  1145 | D:2      | Reached XP level 3. HP: 6/16 MP: 7/9
  1230 | D:2      | Learned a level 2 spell: Ensorcelled Hibernation
  1795 | D:2      | Noticed Robin
  1845 | D:2      | Reached XP level 4. HP: 19/21 MP: 8/11
  1849 | D:2      | Reached skill level 5 in Spellcasting
  1931 | D:2      | Gained mutation: Armour fits poorly on your strangely shaped body. [potion of mutation]
  1931 | D:2      | Gained mutation: Your system is resistant to poisons. [potion of mutation]
  1931 | D:2      | Gained mutation: You have sharp toenails. [potion of mutation]
  1950 | D:2      | Gained mutation: Your mind is acute. (Int +2) [potion of mutation]
  1950 | D:2      | Gained mutation: You occasionally shout uncontrollably at your foes. [potion of mutation]
  1950 | D:2      | Lost mutation: You have sharp toenails. [potion of mutation]
  1987 | D:2      | Killed Robin
  2189 | D:2      | Found a shimmering altar of Xom.
  2200 | D:2      | Learned a level 3 spell: Confuse
  2338 | D:3      | Reached skill level 6 in Spellcasting
  2356 | D:3      | Slain by a gnoll

Vault maps used:
D:1:      mushboom_english_gardens
D:2:      lemuel_round_altar, first_bread, minmay_cut_off, uniq_robin
D:3:      lemuel_zombie_altar_yredelemnul, grunt_ministairs_14

Action                   |  1- 3 |  4- 6 || total
-------------------------+-------+-------++-------
Melee: Dagger            |   131 |     8 ||   139
       Short sword       |       |    65 ||    65
 Cast: Corona            |    19 |     3 ||    22
       Ensorcelled Hiber |     3 |     4 ||     7
  Use: Potion            |     3 |     5 ||     8
       Scroll            |       |     9 ||     9
 Stab: Sleeping          |     6 |     6 ||    12
       Distracted        |       |     1 ||     1
